 Dungeon Crawl Stone Soup version 0.32-a0-85-g672eff3212 (webtiles) character file.

Game seed: 3423094443677021929

828 ThoughtMonitor the Shooter (level 7, 0/58 HPs)
             Began as a Demigod Hunter on Feb 6, 2024.
             Slain by a two-headed ogre
             ... wielding a +0 giant club
              (21 damage)
             ... on level 6 of the Dungeon.
             The game lasted 00:04:53 (3927 turns).

ThoughtMonitor the Shooter (Demigod Hunter)         Turns: 3927, Time: 00:04:54

Health: 0/58       AC:  4    Str: 12    XL:     7   Next: 37%
Magic:  9/9        EV: 14    Int: 11    God:
Gold:   334        SH:  0    Dex: 25    Spells: 6/6 levels left

rFire   . . .        u - +0 orcbow
rCold   . . .        (shield currently unavailable)
rNeg    . . .        c - +0 leather armour
rPois   .            (no helmet)
rElec   .            q - +0 cloak
rCorr   .            (no gloves)
SInv    .            (no boots)
Will    .....        t - amulet of the acrobat
Stlth   +++          (no ring)
HPRegen 0.29/turn    (no ring)
MPRegen 0.11/turn

%: acrobat
@: no status effects
A: high MP 1, forlorn, divine attributes
a: no special abilities


You were on level 6 of the Dungeon.
You visited 1 branch of the dungeon, and saw 6 of its levels.

You collected 334 gold pieces.

Inventory:

Hand Weapons
 a - a +0 shortbow
 u - a +0 orcbow (weapon)
Armour
 c - a +0 leather armour (worn)
 h - a +0 ring mail
 q - a +0 cloak (worn)
Jewellery
 r - an amulet of guardian spirit
 t - an amulet of the acrobat (around neck)
Wands
 b - a wand of mindburst (4)
 m - a wand of polymorph (16)
Scrolls
 d - a scroll of noise {unknown}
 f - 7 scrolls of identify {unknown}
 g - 6 scrolls of teleportation {unknown}
 i - a scroll of poison {unknown}
 l - 2 scrolls of amnesia {unknown}
 n - a scroll of fog {unknown}
 o - a scroll of fear {unknown}
 p - 2 scrolls of vulnerability {unknown}
 s - a scroll of enchant armour {unknown}
Potions
 e - a potion of berserk rage {unknown}
 j - 3 potions of curing {unknown}
 k - a potion of magic {unknown}
 v - a potion of mutation {unknown}


   Skills:
 + Level 3.9 Fighting
 * Level 6.2 Ranged Weapons
 + Level 3.8 Dodging
 + Level 3.8 Stealth


You had 6 spell levels left.
You didn't know any spells.
Your spell library contained the following spells:

 Spells                   Type           Power      Damage    Failure   Level
 Blink                    Tloc           0%         N/A       56%         2
 Lesser Beckoning         Tloc           0%         N/A       56%         2
 Momentum Strike          Conj/Tloc      0%         3d8       56%         2


Dungeon Overview and Level Annotations

Branches:
Dungeon (6/15)
 Temple: D:4-7

Shops:
D:5 :

Annotations:
D:4 1 transporter, Sermion's ghost, novice HOBe


Innate Abilities, Weirdness & Mutations

You have an increased reservoir of magic. (+10% MP)
You shall have no god before yourself.
Your divine heritage dramatically boosts your attributes as you level up.


Message History

There is a stone staircase leading down here.
Key pressed, stopping explore.
Key pressed, stopping explore.
f - 7 scrolls labelled TICIBILLACEN (gained 1) Key pressed, stopping explore.
A two-headed ogre comes into view. It is wielding two +0 giant clubs.
You shoot an arrow. The arrow hits the two-headed ogre.
The two-headed ogre is lightly wounded.
You shoot an arrow. The arrow hits the two-headed ogre.
The two-headed ogre is lightly wounded.
You shoot an arrow.
The arrow barely misses the two-headed ogre.
You shoot an arrow. The arrow hits the two-headed ogre!
The two-headed ogre is moderately wounded.
You shoot an arrow. The arrow hits the two-headed ogre!
The two-headed ogre is heavily wounded.
You shoot an arrow.
The arrow barely misses the two-headed ogre.
The two-headed ogre barely misses you. The two-headed ogre closely misses you.
You shoot an arrow.
The arrow hits the two-headed ogre but does no damage.
The two-headed ogre is heavily wounded.
The two-headed ogre hits you with a +0 giant club.
The two-headed ogre hits you with a +0 giant club!
You are too injured to fight recklessly!
You are too injured to fight recklessly!
Fire: u) +0 orcbow
Press: ? - help, Q - select action, (/) - cycle Shift-Dir - straight line, f/p - two-headed ogre
Aim: a two-headed ogre, wielding two +0 giant clubs (heavily wounded, 77% to hit)
You shoot an arrow. The arrow hits the two-headed ogre.
The two-headed ogre is heavily wounded.
The two-headed ogre closely misses you.
The two-headed ogre hits you with a +0 giant club!
Fire: u) +0 orcbow
Press: ? - help, Q - select action, (/) - cycle Shift-Dir - straight line, f/p - two-headed ogre
Aim: a two-headed ogre, wielding two +0 giant clubs (heavily wounded, 77% to hit)
You shoot an arrow. The arrow hits the two-headed ogre!
The two-headed ogre is severely wounded.
The two-headed ogre hits you with a +0 giant club!!
You die...

#..#........
#.# #.
######.#. #.#
#. .# # #.# #
.# #.# # # #.#
#.#. #.# #....
#.#
#.....#######.#
....$.O@......#
......#########
..... .... ###


You could see a two-headed ogre.

Vanquished Creatures
  A water moccasin (D:6)
  An ice beast (D:5)
  An ogre (D:5)
  A centaur (D:5)
  A phantom (D:6)
  2 jellies
  A bombardier beetle (D:5)
  A hound (D:5)
  Jessica (D:2)
  2 iguanas (D:5)
  4 gnolls (D:4)
  7 adders
  A ribbon worm (D:2)
  3 orcs
  9 ball pythons
  8 endoplasms
  5 giant cockroaches
  6 goblins
  5 hobgoblins
  7 jackals
  A quokka (D:4)
  5 bats
  5 frilled lizards
  6 kobolds
  7 rats
91 creatures vanquished.

Notes
Turn   | Place    | Note
-------+----------+-------------------------------------------
     0 | D:1      | ThoughtMonitor the Demigod Hunter began the quest for the
                  | Orb.
     0 | D:1      | Reached XP level 1. HP: 17/17 MP: 3/3
    47 | D:1      | Reached skill level 1 in Stealth
   138 | D:1      | Reached XP level 2. HP: 24/24 MP: 4/4
   845 | D:2      | Reached skill level 4 in Ranged Weapons
   847 | D:2      | Reached XP level 3. HP: 29/29 MP: 5/5
  1285 | D:2      | Reached XP level 4. HP: 37/37 MP: 6/6
  1427 | D:2      | Noticed Jessica
  1435 | D:2      | Killed Jessica
  2330 | D:4      | Reached XP level 5. HP: 42/42 MP: 7/7
  2492 | D:4      | Found a transporter.
  2493 | D:4      | Noticed Sermion's ghost (novice HOBe)
  2494 | D:4      | Noticed an ogre
  2511 | D:4      | Reached skill level 5 in Ranged Weapons
  2511 | D:4      | Noticed an ogre
  2515 | D:4      | Noticed an ogre
  2721 | D:5      | Entered Level 5 of the Dungeon
  2752 | D:5      | Found Xisahoib's Assorted Antiques.
  2753 | D:5      | Found Mujadoeng's Book Shop.
  2880 | D:5      | Reached XP level 6. HP: 47/51 MP: 8/8
  3415 | D:5      | Reached XP level 7. HP: 57/57 MP: 9/9
  3750 | D:6      | Reached skill level 6 in Ranged Weapons
  3918 | D:6      | Noticed a two-headed ogre
  3927 | D:6      | Slain by a two-headed ogre

Illustrated notes

Levels and vault maps discovered:
D:1:      lightli_arrival_maybe_door_vault, layout_basic, minmay_misc_feat_tiny,
          roderic_serpentine_path
D:2:      layout_basic, minmay_pentomino_o4, uniq_jessica
D:3:      layout_loops_cross
D:4:      layout_rooms, lemuel_doored_altar, gammafunk_temple_overflow_wave,
          gammafunk_ghost_smash, fountainhead
D:5:      layout_basic, nicolae_wooded_promenade
D:6:      layout_loops_ring, uniq_eustachio

Skill      XL: |  1  2  3  4  5  6  7 |
---------------+----------------------+-----
Stealth        | 1 2 3 |  3.8
Dodging        | 2 3 |  3.8
Fighting       | 2 3 |  3.9
Ranged Weapons | 4 5 6 |  6.2

Action                     |  1- 3 |  4- 6 |  7- 9 || total
---------------------------+-------+-------+-------++-------
  Melee: Unarmed           |       |     1 |       ||     1
   Fire: Shortbow          |   112 |   141 |       ||   253
         Orcbow            |       |     6 |    15 ||    21
  Evoke: Wand              |       |     1 |       ||     1
    Use: Scroll            |       |     1 |       ||     1
 Armour: Leather armour    |    14 |    23 |     4 ||    41
  Dodge: Dodged            |    30 |    36 |     3 ||    69

Table legend: (Time is in decaauts)
 A = Elapsed time spent in this place.
 B = Non-inter-level travel time spent in this place.
 C = Inter-level travel time spent in this place.
 D = Time resting spent in this place.
 E = Time spent auto-exploring this place.
 F = Levels seen in this place.
 G = Mean time per level.
                   A        B        C        D        E       F      G
               +--------+--------+--------+--------+--------+-----+--------+
         Total |   3986 |   3851 |    135 |    253 |   3003 |   6 |  664.3 |
       Dungeon |   3986 |   3851 |    135 |    253 |   3003 |   6 |  664.3 |
               +--------+--------+--------+--------+--------+-----+--------+

Top non-repeatable levels by time:
     D:5: 998 daAuts
     D:1: 845 daAuts
     D:3: 704 daAuts
     D:2: 691 daAuts
     D:4: 526 daAuts
     D:6: 221 daAuts
